 Dungeon Crawl Stone Soup version 0.27-a0-1612-gde56a17b89 (webtiles) character file.

Game seed: 13652939999312328585

7 Sin92 the Skirmisher (level 1, 0/18 HPs)
             Began as a Demonspawn Fighter on July 22, 2021.
             Slain by a goblin (1 damage)
             ... on level 1 of the Dungeon.
             The game lasted 00:00:17 (173 turns).

Sin92 the Skirmisher (Demonspawn Fighter)            Turns: 173, Time: 00:00:18

Health: 0/18       AC:  6    Str: 16    XL:     1   Next: 91%
Magic:  1/1        EV:  6    Int:  9    God:
Gold:   0          SH:  8    Dex: 12    Spells: 0/0 levels left

rFire    . . .     SeeInvis .   a - +0 war axe
rCold    . . .     Faith    .   c - +0 kite shield
rNeg     . . .     Spirit   .   b - +0 scale mail
rPois    .         Reflect  .   (no helmet)
rElec    .         Harm     .   (no cloak)
rCorr    .         Rampage  .   (no gloves)
Will     .....                  (no boots)
Stlth    ..........             (no amulet)
HPRegen  0.06/turn              (no ring)
MPRegen  0.07/turn              (no ring)

@: no status effects
A: no striking features
a: no special abilities


You were on level 1 of the Dungeon.
You visited 1 branch of the dungeon, and saw 1 of its levels.

Inventory:

Hand Weapons
 a - a +0 war axe (weapon)
Armour
 b - a +0 scale mail (worn)
 c - a +0 kite shield (worn)
Potions
 d - a potion of might


   Skills:
 + Level 3.0 Fighting
 * Level 2.0 Axes
 + Level 2.7 Armour
 + Level 0.2 Dodging
 + Level 2.8 Shields


You couldn't memorise any spells.
You didn't know any spells.
Your spell library was empty.

Dungeon Overview and Level Annotations

Branches:
Dungeon (1/15)

Altars:


Message History

Unknown command.
You are too injured to fight recklessly!
There are monsters nearby!
You are too injured to fight recklessly!
Unknown command.
There are monsters nearby!
Unknown command.
You are too injured to fight recklessly!
There are monsters nearby!
You hit the goblin.
You kill the goblin!
You barely miss the giant cockroach.
The giant cockroach bites you but does no damage. x2
You hit the giant cockroach.
You kill the giant cockroach!
Your Axes skill increases to level 2!
A goblin comes into view. It is wielding a +0 club.
You block the hobgoblin's attack.
Things that are here:
a +0 dagger; a giant cockroach corpse You slash the hobgoblin!
You kill the hobgoblin!
A goblin comes into view. It is wielding a +0 club.
A quokka and an endoplasm come into view.
The endoplasm quivers.
The goblin hits you with a +0 club.
You miss the goblin. You block the goblin's attack.
The goblin hits you with a +0 club.
* * * LOW HITPOINT WARNING * * *
You barely miss the goblin.
The endoplasm jiggles.
A dart slug comes into view.
The goblin hits you with a +0 club.
* * * LOW HITPOINT WARNING * * *
You closely miss the goblin. x2; The goblin hits you but does no damage.
You block the goblin's attack. The dart slug launches a dart at you.
The slug dart hits you but does no damage.
The goblin hits you with a +0 club.
You die...

##.#.#..# ..........# w
..........# .#
.........####.#
#............ ##
#......J...# ...
#.....gg...####
#...#......@r.....#
.......))..........
...##..##.........
########...#####...#.
####......#....########
#.........#.......####
.....####.####.......##
..####....#..####.....##
###.......#.....###....##


You could see a dart slug, an endoplasm, a quokka and 2 goblins.

Vanquished Creatures
  A dart slug (D:1)
  A giant cockroach (D:1)
  A goblin (D:1)
  A hobgoblin (D:1)
  A kobold (D:1)
5 creatures vanquished.

Notes
Turn   | Place    | Note
-------+----------+-------------------------------------------
     0 | D:1      | Sin92 the Demonspawn Fighter began the quest for the Orb.
     0 | D:1      | Reached XP level 1. HP: 18/18 MP: 1/1
   173 | D:1      | Slain by a goblin

Illustrated notes

Levels and vault maps discovered:
D:1:      dpeg_arrival_circle_labyrinth_a, layout_basic, serial_shops,
          nicolae_shop_temple_entry_statues_fountains, minmay_nonomino_d4

Skill      XL: |  1 |
---------------+----+-----
Axes           | 2 |  2.0
Fighting       | |  3.0
Armour         | |  2.7
Dodging        | |  0.2
Shields        | |  2.8

Action                   || total
-------------------------++-------
Melee: War axe           ||    11
Armor: Scale mail        ||     8
Dodge: Dodged            ||     2
Block: Kite shield       ||     4

Table legend: (Time is in decaauts)
 A = Elapsed time spent in this place.
 B = Non-inter-level travel time spent in this place.
 C = Inter-level travel time spent in this place.
 D = Time resting spent in this place.
 E = Time spent auto-exploring this place.
 F = Levels seen in this place.
 G = Mean time per level.
                   A        B        C        D        E       F      G
               +--------+--------+--------+--------+--------+-----+--------+
         Total |    179 |    179 |      0 |      0 |    157 |   1 |  179.0 |
       Dungeon |    179 |    179 |      0 |      0 |    157 |   1 |  179.0 |
               +--------+--------+--------+--------+--------+-----+--------+

Top non-repeatable levels by time:
     D:1: 179 daAuts
